 Dungeon Crawl Stone Soup version 0.26.0-15-gc6cd9f7 (webtiles) character file.

Game seed: 4572049115016275794

123 bonscott the Ducker (level 4, -2/33 HPs)
             Began as a Vampire Warper on Jan 24, 2021.
             Was an Initiate of Makhleb.
             Killed by nerve-wracking pain
             ... invoked by Grinder
              (9 damage)
             ... on level 3 of the Dungeon.
             The game lasted 00:08:38 (2305 turns).

bonscott the Ducker (Vampire Warper)                Turns: 2305, Time: 00:08:38

Health: -2/33      AC:  6    Str: 11    XL:     4   Next: 79%
Magic:  7/7        EV: 12    Int: 15    God:    Makhleb [......]
Gold:   70         SH:  0    Dex: 13    Spells: 5/7 levels left

rFire    . . .     SeeInvis +   a - +0 falchion
rCold    . . .     Faith    .   (no shield)
rNeg     . . .     Spirit   .   b - +0 leather armour
rPois    .         Reflect  .   (no helmet)
rElec    .         Harm     .   A - +0 cloak
rCorr    .         Rampage  .   t - +0 pair of gloves
Will     .....                  q - +0 pair of boots
Stlth    ++........             (no amulet)
HPRegen  0.31/turn              (no ring)
MPRegen  0.10/turn              (no ring)

@: lethally poisoned (-2 -> -2), about to teleport, regenerating quickly
A: fangs 3, see invisible, unbreathing
a: Exsanguinate, Renounce Religion


You were on level 3 of the Dungeon.
You worshipped Makhleb.
Makhleb was noncommittal.
You visited 1 branch of the dungeon, and saw 3 of its levels.

You collected 70 gold pieces.

Inventory:

Hand Weapons
 a - a +0 falchion (weapon)
Missiles
 e - 5 boomerangs of dispersal (quivered)
 i - 29 arrows
 j - 67 bolts
 p - 37 poisoned darts
 r - 35 sling bullets
 B - 7 datura-tipped darts
 F - 111 stones
Armour
 b - a +0 leather armour (worn)
 q - a +0 pair of boots (worn)
 t - a +0 pair of gloves (worn)
 x - a +0 kite shield
 A - a +0 cloak (worn)
Jewellery
 s - a +6 ring of intelligence {unknown}
Scrolls
 c - a scroll of identify
 d - a scroll of blinking
 l - a scroll of enchant armour {unknown}
 m - a scroll of remove curse {unknown}
 o - a scroll of fear {unknown}
 v - a scroll of enchant weapon {unknown}
 w - a scroll of amnesia {unknown}
 y - a scroll of teleportation
Potions
 g - a potion of flight {unknown}
 h - a potion of mutation {unknown}
 k - a potion of lignification {unknown}
 n - 3 potions of curing
 u - 2 potions of haste
 z - a potion of invisibility {unknown}
 C - 2 potions of might {unknown}


   Skills:
 + Level 2.2 Fighting
 + Level 2.5 Long Blades
 + Level 1.4 Throwing
 + Level 1.4 Armour
 + Level 2.7 Dodging
 + Level 2.3 Stealth
 + Level 0.6 Shields
 + Level 2.3 Spellcasting
 + Level 2.7 Translocations


You had 5 spell levels left.
You knew the following spells:

 Your Spells              Type           Power        Failure   Level
q - Blink                 Tloc           N/A          14%         2

Your spell library contained the following spells:

 Spells                   Type           Power        Failure   Level
 Gell's Gravitas          Tloc           4%           28%         3
 Lesser Beckoning         Tloc           4%           28%         3
 Teleport Other           Tloc           9%           28%         3
 Passage of Golubria      Tloc           N/A          67%         4


Dungeon Overview and Level Annotations

Branches:
Dungeon (3/15)

Altars:
Makhleb

Annotations:
D:3 Grinder, Ijyb, Jessica


Innate Abilities, Weirdness & Mutations

Your natural rate of healing is unusually fast.
You have razor-sharp teeth.
You have supernaturally acute eyesight. (SInv)
You can survive without breathing.


Message History

The adder poisons you!
You hit the adder.
The adder is almost dead.
You feel sick. The adder barely misses you.
You riposte.
You hit the adder.
You kill the adder!
Makhleb accepts your kill.
You hit the giant cockroach.
You kill the giant cockroach!
Makhleb accepts your kill.
You feel sick.
You hit Grinder but do no damage. Grinder gestures at you.
Pain shoots through your body!
* * * LOW HITPOINT WARNING * * *
Unknown command.
As you read the scroll of teleportation, it crumbles to dust.
You feel strangely unstable.
You feel sick. Grinder gestures at you. Pain shoots through your body!
You die...

#########.##
#...........###
#..........#####
#.###..........
##.#######..##..
...############ .....#
#..##)# #[.
@....#####..##.####..#
########
..............B......#
#.......
..@...#####..#.##.##.
#.###### ......#
#..#.##.##.# #.#
^.....# #..#.5@....#
#.# ##.##.#
#.#####.#### #.# #.#
.### #.# .# #.# #.#
.......# .# #.# ..
....... .# #.# #5#)#
.# #.# #.#.# .# #.#
######.#.# .# #.#
....5..#.# #.#


You could see Grinder.

Vanquished Creatures
  Terence (D:2)
  3 adders
  A worm (D:2)
  A dart slug (D:2)
  A leopard gecko (D:3)
  2 orcs (D:3)
  9 bats
  3 giant cockroaches
  10 goblins
  7 hobgoblins
  7 jackals (D:1)
  6 frilled lizards
  5 kobolds
  2 rats
58 creatures vanquished.

Notes
Turn   | Place    | Note
-------+----------+-------------------------------------------
     0 | D:1      | bonscott the Vampire Warper began the quest for the Orb.
     0 | D:1      | Reached XP level 1. HP: 16/16 MP: 3/3
   108 | D:1      | Reached skill level 1 in Throwing
   108 | D:1      | Reached XP level 2. HP: 13/22 MP: 5/5
   284 | D:1      | Reached skill level 1 in Armour
   437 | D:1      | Reached skill level 1 in Stealth
   818 | D:2      | Noticed Terence
   925 | D:2      | Reached XP level 3. HP: 27/27 MP: 6/6
  1262 | D:1      | Learned a level 2 spell: Blink
  1506 | D:2      | Found a burning altar of Makhleb.
  1506 | D:2      | Noticed a blizzard demon
  1509 | D:2      | Noticed a smoke demon
  1509 | D:2      | Noticed an orange demon
  1511 | D:2      | Became a worshipper of Makhleb the Destroyer
  1660 | D:2      | Killed Terence
  1661 | D:2      | Reached XP level 4. HP: 19/33 MP: 7/7
  1745 | D:3      | Noticed Ijyb
  2000 | D:3      | Found a faded altar of an unknown god.
  2250 | D:3      | Noticed Jessica
  2261 | D:3      | Noticed Grinder
  2305 | D:3      | Killed from afar by Grinder

Illustrated notes

Levels and vault maps discovered:
D:1:      minmay_arrival_up_and_down, layout_basic
D:2:      layout_basic, makhleb_altar_promises_db, uniq_terence
D:3:      layout_loops_ring, chequers_ecumenical_altar_island, uniq_jessica,
          uniq_ijyb, uniq_grinder

Skill      XL: |  1  2  3 |
---------------+----------+-----
Throwing       | 1 |  1.4
Armour         | 1 |  1.4
Stealth        | 1 2 |  2.3
Fighting       | 2 |  2.2
Long Blades    | |  2.5
Dodging        | |  2.7
Shields        | |  0.6
Spellcasting   | |  2.3
Translocations | |  2.7

Action                   |  1- 3 |  4- 6 || total
-------------------------+-------+-------++-------
Melee: Falchion          |   156 |    42 ||   198
       Bite              |     9 |     4 ||    13
Throw: Dart              |    13 |       ||    13
       Stone             |       |     6 ||     6
  Use: Scroll            |       |     4 ||     4
 Stab: Sleeping          |       |     3 ||     3
Armor: Leather armour    |    48 |    11 ||    59
Dodge: Dodged            |    98 |    31 ||   129
       Rpst.: Falchion   |    27 |    12 ||    39
